 Dungeon Crawl Stone Soup version 0.24-a0-201-gf205589 (webtiles) character file.

Game seed: 10099168260370130741

230 Borgoz the Cutter (level 6, -1/37 HPs)
             Began as a Gargoyle Gladiator on Mar 25, 2019.
             Killed from afar by a white imp (9 damage)
             ... with a puff of frost
             ... summoned by Natasha
             ... on level 2 of the Dungeon.
             The game lasted 00:03:25 (1399 turns).

Borgoz the Cutter (Gargoyle Gladiator)              Turns: 1399, Time: 00:03:26

Health: -1/37      AC:  9    Str: 18    XL:     6   Next: 3%
Magic:  8/8        EV: 13    Int: 11    God:
Gold:   100        SH:  0    Dex: 12    Spells: 7/7 levels left

rFire    . . .     SeeInvis .   a - +0 rapier (venom)
rCold    . . .     Gourm    .   (no shield)
rNeg     + . .     Faith    .   b - +0 leather armour
rPois    ∞         Spirit   .   c - +0 helmet
rElec    +         Reflect  .   y - +0 cloak
rCorr    .         Harm     .   (no gloves)
MR       .....                  (no boots)
Stlth    ++........             (no amulet)
HPRegen  0.12/turn              j - ring of wizardry
MPRegen  0.11/turn              k - +2 ring of intelligence

@: no status effects
A: negative energy resistance 1, electricity resistance, unbreathing,
petrification resistance, rot immunity, AC +4
a: no special abilities


You were on level 2 of the Dungeon.
You were not hungry.

You visited 1 branch of the dungeon, and saw 2 of its levels.

You collected 100 gold pieces.

Inventory:

Hand Weapons
 a - a +0 rapier of venom (weapon)
 l - a +0 rapier
 x - a +2 dagger of venom
Missiles
 d - 3 throwing nets (quivered)
 A - 4 javelins
Armour
 b - a +0 leather armour (worn)
 c - a +0 helmet (worn)
 y - a +0 cloak (worn)
 B - a +0 ring mail
Jewellery
 j - a ring of wizardry (left hand)
 k - a +2 ring of intelligence (right hand)
Wands
 z - a wand of paralysis (6)
Scrolls
 e - 2 scrolls of amnesia {unknown}
 m - 2 scrolls of enchant armour {unknown}
 n - a scroll of identify {unknown}
 p - a scroll of immolation {unknown}
 q - a scroll of teleportation {unknown}
 r - 2 scrolls of remove curse {unknown}
 s - a scroll of magic mapping {unknown}
Potions
 g - a potion of curing {unknown}
 h - 2 potions of ambrosia {unknown}
 i - 2 potions of haste {unknown}
 o - 2 potions of mutation {unknown}
 t - a potion of lignification {unknown}
 u - a potion of magic {unknown}
 w - 3 potions of agility {unknown}
Comestibles
 f - 2 rations
 v - 4 chunks of flesh


   Skills:
 + Level 3.1 Fighting
 * Level 3.6 Short Blades
 + Level 2.4 Throwing
 + Level 1.6 Armour
 * Level 3.2 Dodging
 + Level 1.9 Stealth
 + Level 1.4 Spellcasting


You had 7 spell levels left.
You didn't know any spells.
Your spell library was empty.

Dungeon Overview and Level Annotations

Branches:
Dungeon (2/15)

Altars:

Annotations:
D:2 Natasha


Innate Abilities, Weirdness & Mutations

You are resistant to torment.
Your stone body is resilient. (AC +4)
You are immune to poison.
You resist negative energy. (rN+)
You are resistant to electric shocks. (rElec)
You can survive without breathing.
You are immune to petrification.
You are immune to rotting.


Message History

You miss Natasha.
Natasha is severely wounded.
Natasha zaps a wand.
The puff of flame hits you.
The white imp hits you but does no damage.
The hobgoblin misses you.
You closely miss Natasha.
Natasha is severely wounded.
Natasha casts a spell at you. The magic dart hits you!
The white imp gestures at you. The puff of frost hits you!
* * * LOW HITPOINT WARNING * * *
The hobgoblin barely misses you.
Okay, then.
You barely miss Natasha.
Natasha is severely wounded.
Natasha barely misses you. The white imp gestures at you.
The puff of frost hits you!
You die...

#.....# #...#
#.....# #...#
#.....### #....
# #.......#
#.... #.
#.......####..^.
#..
#...............
#...
#.......####....
#....#######.###
####.
#....g@......#
###.
#....#h5.#####
#... #### #...#
#... #...# #...
#...# #... #...#
#... #...# ###÷
#...# #.†. #.#.


You could see Natasha, a white imp and a hobgoblin.

Vanquished Creatures
  Sigmund (D:2)
  Crazy Yiuf (D:2)
  An ooze (D:1)
  2 leopard geckos
  6 giant cockroaches
  3 goblins (D:1)
  8 hobgoblins
  4 jackals (D:2)
  6 bats
  3 frilled lizards
  5 kobolds
  5 rats
45 creatures vanquished.

Notes
Turn   | Place    | Note
-------+----------+-------------------------------------------
     0 | D:1      | Borgoz the Gargoyle Gladiator began the quest for the Orb.
     0 | D:1      | Reached XP level 1. HP: 12/12 MP: 1/1
   117 | D:1      | You fall through a shaft!
   155 | D:1      | Reached XP level 2. HP: 17/17 MP: 2/2
   469 | D:1      | Reached XP level 3. HP: 21/22 MP: 3/3
   890 | D:2      | Noticed Sigmund
   903 | D:2      | Killed Sigmund
   903 | D:2      | Reached skill level 1 in Armour
   903 | D:2      | Reached skill level 1 in Stealth
   903 | D:2      | Reached skill level 1 in Spellcasting
   903 | D:2      | Reached XP level 4. HP: 25/28 MP: 4/6
   903 | D:2      | Reached XP level 5. HP: 28/32 MP: 4/7
  1040 | D:2      | Found a runed translucent door.
  1041 | D:2      | Noticed Crazy Yiuf
  1056 | D:2      | Killed Crazy Yiuf
  1227 | D:2      | Reached XP level 6. HP: 37/37 MP: 8/8
  1387 | D:2      | Noticed Natasha
  1399 | D:2      | Killed from afar by a white imp

Levels and vault maps discovered:
D:1:      scummos_arrival_checkerplants, layout_basic
D:2:      layout_basic, minmay_goblin_outpost, uniq_sigmund,
          uniq_crazy_yiuf_cottage, uniq_natasha

Skill      XL: |  1  2  3 |
---------------+----------+-----
Short Blades   | 3 |  3.6
Throwing       | 2 |  2.4
Fighting       | 3 |  3.1
Armour         | 1 |  1.6
Dodging        | 3 |  3.2
Stealth        | 1 |  1.9
Spellcasting   | 1 |  1.4

Action                   |  1- 3 |  4- 6 || total
-------------------------+-------+-------++-------
Melee: Rapier            |    21 |    10 ||    31
       Dagger            |    83 |    44 ||   127
 Stab: Sleeping          |     4 |       ||     4
  Eat: Chunk             |       |     2 ||     2
Armor: Leather armour    |    36 |    29 ||    65
Dodge: Dodged            |    66 |    52 ||   118

Table legend:
 A = Non-vault XP
 B = Vault XP
 C = Vault XP percentage of total XP
 D = Non-vault monster count
 E = Vault monster count
 F = Vault count percentage of total count
                 A         B        C        D         E       F
            +---------+---------+-------+---------+---------+-------
      Total |      78 |     251 |  76.3 |      43 |       2 |   4.4
            +---------+---------+-------+---------+---------+-------
        D:1 |      54 |       0 |   0.0 |      30 |       0 |   0.0
        D:2 |      24 |     251 |  91.3 |      13 |       2 |  13.3
            +---------+---------+-------+---------+---------+-------
